 Dungeon Crawl Stone Soup version 0.28-a0-779-g3d1f99b579 (webtiles) character file.

Game seed: 6924939970760275536

98 kae the Chopper (level 4, -9/41 HPs)
             Began as a Hill Orc Fighter on Nov 2, 2021.
             Killed by the air
             ... invoked by a wind drake (glowing shapeshifter)
              (15 damage)
             ... on level 3 of the Dungeon.
             The game lasted 00:00:59 (2458 turns).

kae the Chopper (Hill Orc Fighter)                  Turns: 2458, Time: 00:00:59

Health: -9/41      AC:  7    Str: 19    XL:     4   Next: 71%
Magic:  4/4        EV:  9    Int:  8    God:
Gold:   145        SH:  4    Dex: 10    Spells: 3/3 levels left

rFire   . . .      SeeInvis .   a - +1 war axe (chaos)
rCold   . . .      Faith    .   c - +0 buckler
rNeg    . . .      Spirit   .   b - +0 scale mail
rPois   .          Reflect  .   (no helmet)
rElec   .          Harm     .   (no cloak)
rCorr   .          Rampage  .   (no gloves)
Will    .....                   (no boots)
Stlth   ..........              (no amulet)
HPRegen 0.13/turn               (no ring)
MPRegen 0.09/turn               (no ring)

@: no status effects
A: no striking features
a: no special abilities


You were on level 3 of the Dungeon.
You visited 1 branch of the dungeon, and saw 3 of its levels.

You collected 145 gold pieces.

Inventory:

Hand Weapons
 a - a +1 war axe of chaos (weapon)
Armour
 b - a +0 scale mail (worn)
 c - a +0 buckler (worn)
Jewellery
 g - a +6 ring of strength
Scrolls
 f - a scroll of noise {unknown}
Potions
 d - a potion of might
 e - a potion of curing
 i - 3 potions of brilliance {unknown}


   Skills:
 + Level 4.4 Fighting
 * Level 4.9 Axes
 + Level 4.0 Armour
 - Level 3.2 Shields


You had 3 spell levels left.
You didn't know any spells.
Your spell library was empty.

Dungeon Overview and Level Annotations

Branches:
Dungeon (3/15)

Altars:


Message History

You are too injured to fight recklessly!
There are monsters nearby!
You are too injured to fight recklessly!
You are too injured to fight recklessly!
There are monsters nearby!
You are too injured to fight recklessly!
You are too injured to fight recklessly!
There are monsters nearby!
You are too injured to fight recklessly!
You are too injured to fight recklessly!
You are too injured to fight recklessly!
You are too injured to fight recklessly!
You slash the moth of wrath! You burn the moth of wrath.
The moth of wrath is heavily wounded.
You hit the adder. The adder closely misses you. The moth of wrath bites you!
* * * LOW HITPOINT WARNING * * *
The adder bites you but does no damage.
You hit the moth of wrath.
You feel better.
The moth of wrath is heavily wounded.
You barely miss the adder.
The moth of wrath changes into a wind drake!
The adder barely misses you. The adder bites you.
* * * LOW HITPOINT WARNING * * *
You hit the wind drake but do no damage.
The wind drake is heavily wounded.
You miss the adder. The adder barely misses you.
The wind drake closely misses you.
Okay, then.
You barely miss the wind drake.
The wind drake is heavily wounded.
You closely miss the adder. The adder closely misses you.
The wind drake closely misses you. The adder bites you but does no damage.
You hit the wind drake.
The wind drake is heavily wounded.
You hit the adder.
You kill the adder!
The wind drake begins repelling missiles!
The wind drake flaps its wings at you. The air twists around and strikes you!
You die...

####>..## .. .#
....... #. . ......
#.#. ..... ... #...##
## ..# #...g ≈≈# #.#
#.Bk##≈# #.# #..@..≈#
#####.# #.....≈#
......#########....≈#
###...........###...+
###...#.#.###.# #..≈#
...>..#.#.###.# #..≈#
###..#.....##.###.#§#
# #..#..#.#........≈#
.
.........##......≈≈#


You could see a wind drake shaped shifter (repels missiles), a giant cockroach
and a goblin.

Vanquished Creatures
  5 adders
  A worm (D:2)
  A dart slug (D:1)
  11 endoplasms
  3 giant cockroaches
  7 goblins
  4 hobgoblins
  4 jackals (D:2)
  A quokka (D:1)
  A ball python (D:2)
  4 bats
  4 frilled lizards
  5 kobolds
  4 rats
55 creatures vanquished.

Notes
Turn   | Place    | Note
-------+----------+-------------------------------------------
     0 | D:1      | kae the Hill Orc Fighter began the quest for the Orb.
     0 | D:1      | Reached XP level 1. HP: 19/19 MP: 1/1
    78 | D:1      | Found a faded altar of an unknown god.
   223 | D:1      | Reached XP level 2. HP: 27/27 MP: 2/2
   709 | D:1      | Reached XP level 3. HP: 31/33 MP: 3/3
  1445 | D:2      | Reached XP level 4. HP: 32/40 MP: 4/4
  2452 | D:3      | Noticed a glowing shapeshifter
  2452 | D:3      | a kobold changed into a glowing shapeshifter
  2452 | D:3      | Noticed a moth of wrath
  2452 | D:3      | a glowing shapeshifter changed into a moth of wrath
  2455 | D:3      | Noticed a wind drake
  2455 | D:3      | a moth of wrath changed into a wind drake
  2458 | D:3      | Killed from afar by a wind drake (glowing shapeshifter)

Illustrated notes

Levels and vault maps discovered:
D:1:      eino_arrival_cavern_b, layout_loops_cross,
          hellmonk_ecumenical_altar_run_dry
D:2:      wander_river, layout_basic
D:3:      layout_loops_cross, lemuel_coloured_pillars_altar,
          lightli_temple_of_fire

Skill      XL: |  1  2  3  4 |
---------------+-------------+-----
Axes           | 3 4 |  4.9
Fighting       | 4 |  4.4
Armour         | 4 |  4.0
Shields        | |  3.2

Action                   |  1- 3 |  4- 6 || total
-------------------------+-------+-------++-------
Melee: War axe           |   101 |    73 ||   174
  Use: Scroll            |     3 |     1 ||     4
Armor: Scale mail        |    67 |    23 ||    90
Dodge: Dodged            |    50 |    32 ||    82
Block: Buckler           |    24 |    16 ||    40

Table legend: (Time is in decaauts)
 A = Elapsed time spent in this place.
 B = Non-inter-level travel time spent in this place.
 C = Inter-level travel time spent in this place.
 D = Time resting spent in this place.
 E = Time spent auto-exploring this place.
 F = Levels seen in this place.
 G = Mean time per level.
                   A        B        C        D        E       F      G
               +--------+--------+--------+--------+--------+-----+--------+
         Total |   2520 |   2423 |     97 |    161 |   1886 |   3 |  840.0 |
       Dungeon |   2520 |   2423 |     97 |    161 |   1886 |   3 |  840.0 |
               +--------+--------+--------+--------+--------+-----+--------+

Top non-repeatable levels by time:
     D:2: 1294 daAuts
     D:1: 1162 daAuts
     D:3: 64 daAuts
